 Dungeon Crawl Stone Soup version 0.31-a0-799-g6bc09d010c (webtiles) character file.

Game seed: 10484132979449661530

984 Ijustatesigmund the Magician (level 7, -3/41 HPs)
             Began as a Deep Elf Fire Elementalist on Sept 19, 2023.
             Engulfed by a steam dragon's steam (10 damage)
             ... on level 6 of the Dungeon.
             The game lasted 00:12:33 (7255 turns).

Ijustatesigmund the Magician (DEFE)                 Turns: 7255, Time: 00:12:33

Health: -3/41      AC:  7    Str:  4    XL:     7   Next: 97%
Magic:  4/28       EV: 12    Int: 21    God:
Gold:   124        SH:  0    Dex: 16    Spells: 12/19 levels left

rFire   . . .        d - +2 short sword (protect)
rCold   . . .        (no shield)
rNeg    + . .        a - +0 animal skin
rPois   +            x - +0 helmet
rElec   .            q - +2 ratskin cloak {*Rats rPois rN+ Str-1 Int-1 Dex+1}
rCorr   .            (no gloves)
SInv    .            i - +0 pair of boots
Will    .....        (no amulet)
Stlth   ++           w - ring of magical power
HPRegen 0.26/turn    (no ring)
MPRegen 0.21/turn

%: no passive effects
@: no status effects
A: no striking features
a: no special abilities


You were on level 6 of the Dungeon.
You visited 1 branch of the dungeon, and saw 6 of its levels.

You collected 241 gold pieces.
You spent 117 gold pieces at shops.

Inventory:

Hand Weapons
 d - a +2 short sword of protection (weapon)
 k - a +4 dagger
Armour
 a - a +0 animal skin (worn)
 i - a +0 pair of boots (worn)
 p - a +0 cloak
 q - the +2 ratskin cloak (worn) {*Rats rPois rN+ Str-1 Int-1 Dex+1}
   (You found it on level 5 of the Dungeon)

   *Rats:     When the wearer is hurt, rats may emerge from it to assist them.
   Str-1:     It affects your strength (-1).
   Int-1:     It affects your intelligence (-1).
   Dex+1:     It affects your dexterity (+1).
   rPois:     It protects you from poison rN+: It protects you from negative
   energy.
 x - a +0 helmet (worn)
Jewellery
 w - a ring of magical power (left hand)
Wands
 u - a wand of polymorph (10)
Scrolls
 e - 2 scrolls of revelation {unknown}
 f - 2 scrolls of blinking {unknown}
 g - 3 scrolls of enchant armour {unknown}
 j - a scroll of vulnerability {unknown}
 l - a scroll of teleportation
 m - 2 scrolls of summoning {unknown}
 n - a scroll of fog {unknown}
 t - a scroll of immolation {unknown}
 v - 2 scrolls of poison
 y - a scroll of enchant weapon {unknown}
Potions
 b - a potion of magic
 c - 3 potions of brilliance
 h - 3 potions of enlightenment
 o - 3 potions of curing
 r - 2 potions of mutation
 s - 3 potions of cancellation
 z - a potion of invisibility {unknown}


   Skills:
 + Level 3.5 Fighting
 - Level 2.4 Dodging
 - Level 2.4 Stealth
 + Level 6.7 Spellcasting
 + Level 4.9 Conjurations
 + Level 6.0 Fire Magic


You had 12 spell levels left.
You knew the following spells:

 Your Spells              Type           Power      Damage    Failure   Level
a - Foxfire               Conj/Fire      100%       2x1d9     1%          1
b - Scorch                Fire           64%        2d7       1%          2
c - Flame Wave            Conj/Fire      30%        2d9       10%         4

Your spell library contained the following spells:

 Spells                   Type           Power      Damage    Failure   Level
 Magic Dart               Conj           100%       1d8       1%          1
 Searing Ray              Conj           54%        2d6       1%          2
 Inner Flame              Hex/Fire       19%        N/A       8%          3
 Volatile Blastmotes      Fire/Tloc      38%        2d13      8%          3
 Sting                    Tmut/Pois      28%        1d4       9%          1
 Lesser Beckoning         Tloc           14%        N/A       14%         2
 Poisonous Vapours        Pois/Air       14%        N/A       14%         2
 Sublimation of Blood     Necr           7%         N/A       14%         2
 Wereblood                Tmut           7%         N/A       14%         2
 Gell's Gravitas          Tloc           7%         N/A       26%         3
 Teleport Other           Tloc           7%         N/A       26%         3
 Fulminant Prism          Conj/Hex       8%         3d6       32%         4
 Olgreb's Toxic Radiance  Pois           7%         N/A       65%         4
 Summon Hydra             Summ           3%         N/A       100%        7


Dungeon Overview and Level Annotations

Branches:
Dungeon (6/15)
 Temple: D:4-7

Altars:
Gozag

Shops:
D:4 ?

Annotations:
D:3 2 transporters, CrazyBamboolord's ghost, amateur FoFi


Message History

Press: ? - help, Dir - look around, f - activate A wave of flame ripples out!
The flame wave engulfs the scorpion.
The scorpion is burned terribly!
The scorpion is almost dead. (Press . to intensify the flame waves.)
The scorpion closely misses you.
A wave of flame ripples out!
The flame wave engulfs the scorpion!
The scorpion is burned terribly!
You kill the scorpion!
The flame wave engulfs the steam dragon!
The steam dragon is moderately wounded.
The steam dragon breathes steam at you. The ball of steam misses you.
Your Fire Magic skill increases to level 6!
A wave of flame ripples out!
The flame wave engulfs the steam dragon.
The steam dragon is heavily wounded.
The flame wave engulfs the adder!
You kill the adder!
You finish channelling waves of flame.
You are engulfed in a cloud of scalding steam.
Okay, then.
Okay, then.
Casting: Flame Wave (quite dangerous; 10% risk of failure)
Confirm with . or Enter, or press ? or * to list all spells.
Casting: Flame Wave (quite dangerous; 10% risk of failure)
Press: ? - help, Dir - look around, f - activate A wave of flame ripples out!
The flame wave engulfs the steam dragon!
The steam dragon is severely wounded. (Press . to intensify the flame waves.)
You are engulfed in a cloud of scalding steam.
* * * LOW HITPOINT WARNING * * *
The steam dragon barely misses you.
The steam dragon claws you but does no damage.
A wave of flame ripples out!
The flame wave engulfs the steam dragon.
The steam dragon is severely wounded.
You are engulfed in a cloud of scalding steam.
You die...

##.##### #.# ..
....[.###.###...#
# #.##..........#
#. #........#
#.###.#####.(#
#..§.## #..#
#.#..######..#
#§.)..<....#
#@#######.########
#D# #......... #.#
########## #.#
##### ... #....
.#. #.#.# . .
#.#.# .. .. #.#.#
..# #.#.#


You could see a steam dragon (catching breath).

Vanquished Creatures
  A sky beast (D:6)
  A phantom (D:4)
  2 scorpions (D:6)
  A hound (D:4)
  An orc priest (D:5)
  2 iguanas (D:5)
  An orc wizard (D:5)
  6 hell rats (D:5)
  Robin (D:2)
  7 gnolls
  9 adders
  15 river rats (D:5)
  A white imp (D:5)
  2 ufetubi
  5 dart slugs
  7 orcs
  2 bats (D:1)
  10 endoplasms
  2 giant cockroaches
  12 goblins
  8 hobgoblins
  4 jackals
  5 quokkas
  4 ball pythons
  5 frilled lizards
  6 kobolds
  3 rats
123 creatures vanquished.

Vanquished Creatures (others)
  262 foxfires
262 creatures vanquished.

Grand Total: 385 creatures vanquished

Notes
Turn   | Place    | Note
-------+----------+-------------------------------------------
     0 | D:1      | Ijustatesigmund the Deep Elf Fire Elementalist began the
                  | quest for the Orb.
     0 | D:1      | Reached XP level 1. HP: 10/10 MP: 6/6
   351 | D:1      | Reached XP level 2. HP: 16/16 MP: 4/8
   356 | D:1      | Learned a level 2 spell: Scorch
   772 | D:2      | Reached XP level 3. HP: 14/20 MP: 5/10
   841 | D:2      | Reached skill level 1 in Fighting
  1345 | D:2      | Noticed Robin
  1363 | D:2      | HP: 1/20 [Robin/+0 mace (1)]
  1364 | D:2      | Killed Robin
  1365 | D:2      | Reached XP level 4. HP: 2/25 MP: 2/12
  2097 | D:3      | Noticed CrazyBamboolord's ghost (amateur FoFi)
  2098 | D:3      | Found a transporter.
  2791 | D:3      | Reached XP level 5. HP: 30/30 MP: 4/13
  2915 | D:3      | Found a transporter.
  3950 | D:4      | Learned a level 4 spell: Flame Wave
  3958 | D:4      | Found Bouxedy's Magic Scroll Emporium.
  3963 | D:4      | Bought a scroll of poison for 52 gold pieces
  3963 | D:4      | Bought a scroll of identify for 26 gold pieces
  3963 | D:4      | Bought a scroll of teleportation for 39 gold pieces
  4037 | D:4      | Noticed a phantom
  4043 | D:4      | Killed a phantom
  4044 | D:4      | Reached skill level 5 in Spellcasting
  4044 | D:4      | Reached XP level 6. HP: 36/36 MP: 11/15
  4578 | D:4      | Found an opulent altar of Gozag.
  4635 | D:5      | Entered Level 5 of the Dungeon
  4951 | D:5      | Reached skill level 5 in Fire Magic
  5750 | D:5      | Reached XP level 7. HP: 40/40 MP: 17/17
  6869 | D:5      | Found the +2 ratskin cloak {*Rats rPois rN+ Str-1 Int-1
                  | Dex+1}
  7192 | D:6      | Noticed a steam dragon
  7255 | D:6      | Engulfed by a steam dragon's steam

Illustrated notes

Levels and vault maps discovered:
D:1:      orjb1_lava_funnel, layout_rooms, serial_forest,
          infiniplex_forest_clump_curved, infiniplex_forest_fountain,
          infiniplex_forest_clump_long, infiniplex_forest_straight_3,
          infiniplex_forest_straight_3, infiniplex_forest_clump_diagonal,
          infiniplex_forest_end_3, infiniplex_forest_lined_2
D:2:      layout_basic, uniq_robin
D:3:      layout_loops_corners, gammafunk_ghost_mausoleum
D:4:      layout_layer_cave, mainiacjoe_overflow_alcove_1, serial_shops,
          nicolae_shop_hallway_stairs
D:5:      wander_guarded_unrand_ratskin, layout_loops_ring
D:6:      minmay_clustersquares, layout_loops_ring, minmay_temple_entry_tees,
          uniq_menkaure

Skill      XL: |  1  2  3  4  5  6  7 |
---------------+----------------------+-----
Fighting       | 1 2 3 |  3.5
Conjurations   | 2 3 4 |  4.9
Spellcasting   | 4 5 6 |  6.7
Fire Magic     | 4 5 6 |  6.0
Dodging        | |  2.4
Stealth        | |  2.4

Action                     |  1- 3 |  4- 6 |  7- 9 || total
---------------------------+-------+-------+-------++-------
  Melee: Short sword       |    10 |     7 |     9 ||    26
   Cast: Foxfire           |    56 |    99 |     8 ||   163
         Scorch            |    11 |    41 |    42 ||    94
         Flame Wave        |       |     1 |     3 ||     4
    Use: Scroll            |       |     8 |     1 ||     9
         Potion            |       |       |     1 ||     1
   Stab: Distracted        |     1 |       |       ||     1
 Armour: Robe              |    21 |       |       ||    21
         Animal skin       |       |    21 |    31 ||    52
  Dodge: Dodged            |    20 |    33 |    37 ||    90

Table legend: (Time is in decaauts)
 A = Elapsed time spent in this place.
 B = Non-inter-level travel time spent in this place.
 C = Inter-level travel time spent in this place.
 D = Time resting spent in this place.
 E = Time spent auto-exploring this place.
 F = Levels seen in this place.
 G = Mean time per level.
                   A        B        C        D        E       F      G
               +--------+--------+--------+--------+--------+-----+--------+
         Total |   7253 |   7036 |    217 |   1636 |   4428 |   6 | 1208.8 |
       Dungeon |   7253 |   7036 |    217 |   1636 |   4428 |   6 | 1208.8 |
               +--------+--------+--------+--------+--------+-----+--------+

Top non-repeatable levels by time:
     D:5: 2311 daAuts
     D:4: 1423 daAuts
     D:3: 1356 daAuts
     D:2: 1275 daAuts
     D:1: 766 daAuts
     D:6: 119 daAuts
